 Dungeon Crawl Stone Soup version 0.24.0-123-gd5b16e6ec5 (webtiles) character file.

Game seed: 10760087568547137829, levelgen mode: deterministic

4858 Delamore the Severer (level 10, -1/77 HPs)
             Began as a Hill Orc Fighter on Dec 22, 2019.
             Was a Follower of Okawaru.
             Slain by an orc warrior
             ... wielding a cursed -1 trident
              (11 damage)
             ... on level 8 of the Dungeon.
             The game lasted 00:11:01 (7481 turns).

Delamore the Severer (Hill Orc Fighter)             Turns: 7481, Time: 00:11:01

Health: -1/77      AC: 14    Str: 28    XL:     10   Next: 50%
Magic:  10/10      EV:  9    Int:  8    God:    Okawaru [*.....]
Gold:   422        SH:  4    Dex: 10    Spells: 9/9 levels left

rFire    . . .     SeeInvis .   s - +0 hand axe "Arcanum" {chop, +Fly rElec MR+} (curse)
rCold    . . .     Gourm    .   t - +0 buckler "Qeawnik" {rN+ Str+5} (curse)
rNeg     + . .     Faith    .   b - +0 scale mail
rPois    .         Spirit   .   E - +0 helmet
rElec    +         Reflect  .   (no cloak)
rCorr    .         Harm     .   (no gloves)
MR       +....                  m - -1 pair of boots (curse)
Stlth    ..........             I - amulet of rage
HPRegen  0.22/turn              g - +6 ring of protection
MPRegen  0.12/turn              (no ring)

@: berserk cooldown, slowed, very slow
A: no striking features
a: Heroism, Renounce Religion, Evoke Berserk Rage, Evoke Flight


You were on level 8 of the Dungeon.
You worshipped Okawaru.
Okawaru was aware of your devotion.
You were hungry.

You visited 2 branches of the dungeon, and saw 9 of its levels.
You also visited: Sewer.

You collected 422 gold pieces.

Inventory:

Hand Weapons
 s - the cursed +0 hand axe "Arcanum" (weapon) {chop, +Fly rElec MR+}
   (You found it on level 7 of the Dungeon)

   It inflicts extra damage upon your enemies.
   It insulates you from electricity.
   It affects your resistance to hostile enchantments.
   It lets you fly.
   It has a curse placed upon it.
Missiles
 M - 5 throwing nets (quivered)
Armour
 b - a +0 scale mail (worn)
 c - a +0 shield
 m - a cursed -1 pair of boots (worn)
 t - the cursed +0 buckler "Qeawnik" (worn) {rN+ Str+5}
   (You found it on level 7 of the Dungeon)

   It affects your strength (+5).
   It protects you from negative energy.
   It has a curse placed upon it.
 E - a +0 helmet (worn)
Jewellery
 a - an uncursed ring of protection from cold {unknown}
 g - a +6 ring of protection (left hand)
 h - an uncursed amulet of guardian spirit
 I - an amulet of rage (around neck)
Wands
 p - a wand of paralysis (16)
 q - a wand of random effects (20)
 B - a wand of iceblast (10)
 H - a wand of disintegration (14)
 K - a wand of flame (27)
Scrolls
 e - 8 scrolls of teleportation
 l - 2 scrolls of enchant weapon
 n - 4 scrolls of remove curse {unknown}
 o - 2 scrolls of blinking {unknown}
 v - a scroll of fog {unknown}
 x - a scroll of fear {unknown}
 y - a scroll of amnesia {unknown}
 C - 3 scrolls of magic mapping {unknown}
 F - 3 scrolls of identify
 G - a scroll of random uselessness {unknown}
 L - a scroll of enchant armour {unknown}
Potions
 d - 2 potions of degeneration
 i - 3 potions of heal wounds
 j - 2 potions of curing
 k - 2 potions of agility
 r - 2 potions of mutation
 u - a potion of magic {unknown}
 w - a potion of brilliance {unknown}
 z - a potion of resistance {unknown}
 A - a potion of haste {unknown}
 D - 2 potions of invisibility
 J - 2 potions of berserk rage {unknown}
Comestibles
 f - 14 rations


   Skills:
 - Level 3.6 Fighting
 + Level 18.1 Axes
 - Level 3.2 Armour
 - Level 3.2 Shields


You had 9 spell levels left.
You didn't know any spells.
Your spell library contained the following spells:

 Spells                   Type           Power        Failure   Level  Hunger
 Corona                   Hex            #......      71%         1    ##.....
 Sandblast                Erth           #.....       71%         1    ##.....
 Ensorcelled Hibernation  Hex/Ice        #.....       83%         2    ###....
 Passwall                 Tmut/Erth      #.......     83%         2    ###....
 Slow                     Hex            #.......     83%         2    ###....
 Confuse                  Hex            #.......     97%         3    ####...
 Dazzling Spray           Conj/Hex       #.....       97%         3    ####...
 Inner Flame              Hex/Fire       #.......     97%         3    ####...
 Portal Projectile        Hex/Tloc       #.....       97%         3    ####...
 Stone Arrow              Conj/Erth      #.....       97%         3    ####...
 Tukima's Dance           Hex            #.......     97%         3    ####...
 Cause Fear               Hex            #.........   100%        4    #####..
 Leda's Liquefaction      Hex/Erth       #.........   100%        4    #####..
 Petrify                  Tmut/Erth      #.......     100%        4    #####..
 Lee's Rapid Deconstruct  Erth           #.........   100%        5    ######.


Dungeon Overview and Level Annotations

Branches:
Dungeon (8/15)             Temple (1/1) D:4           Sewer (visited)
   Lair: D:8-11

Altars:
Ashenzari
Cheibriados
Dithmenos
Elyvilon
Gozag
Hepliaklqana
Kikubaaqudgha
Makhleb
Nemelex Xobeh
Okawaru
Qazlal
Ru
Sif Muna
Uskayaw
Vehumet
Wu Jian
Xom
Yredelemnul
Zin
The Shining One


Message History

* * * LOW HITPOINT WARNING * * *
You hit the orc warrior.
The orc warrior is lightly wounded.
The orc warrior barely misses you.
You hit the orc warrior but do no damage.
The orc warrior is lightly wounded.
The orc warrior hits you but does no damage.
You slash the orc warrior!
The orc warrior is heavily wounded.
The orc warrior closely misses you.
You hit the orc warrior.
The orc warrior is severely wounded.
You hit the orc warrior.
The orc warrior is almost dead.
The orc warrior hits you with a cursed -1 trident.
* * * LOW HITPOINT WARNING * * *
You completely miss the orc warrior.
The orc warrior is almost dead.
The orc warrior hits you with a cursed -1 trident!
You die...

...(รท.###...#..................#.
###..#### #.>...........##.###...
##....# ###...........##.# #.
####.###..##.##.......#.#
#.......##...######......
#...#.#####.....##.........
#..##.####.......#.# .#...
#.....#....._.....# ......
####....#....@..####....##
#######...o.####.......
#.##...###.).....# ##.##.##
#.......# #####....###(......#
#.............?....#
#.....|............#
#..........####.#### #..........#
.#


You could see an orc warrior.

Vanquished Creatures
  Harold (D:7)
  Pikel (D:4)
  Joseph (D:8)
  A hippogriff (D:7)
  A yak (D:7)
  A human (D:7)
  3 hogs (D:7)
  Menkaure (D:6)
  Edmund (D:6)
  Duvessa (D:4)
  A water moccasin (D:7)
  An orc warrior (D:8)
  An ice beast (D:5)
  2 phantoms
  4 slaves
  4 ogres
  2 centaurs
  A necrophage (D:8)
  A bullfrog (D:7)
  Dowan (D:4)
  A scorpion (D:5)
  A crimson imp (D:8)
  2 bullfrog zombies (D:8)
  4 jellies
  A centaur skeleton (D:4)
  2 orc priests (D:5)
  An iguana (D:7)
  Ijyb (D:3)
  4 worker ants
  7 orc wizards
  Robin (D:4)
  A howler monkey skeleton (D:4)
  10 adders
  An ooze (D:5)
  An adder skeleton (D:7)
  7 worms
  2 dart slugs
  4 leopard geckos
  22 orcs
  3 ball pythons
  8 giant cockroaches
  17 goblins
  8 hobgoblins
  17 jackals
  11 kobolds
  7 quokkas
  9 bats
  13 frilled lizards
  A leopard gecko zombie (D:6)
  13 rats
210 creatures vanquished.

Notes
Turn   | Place    | Note
-------+----------+-------------------------------------------
     0 | D:1      | Delamore the Hill Orc Fighter began the quest for the Orb.
     0 | D:1      | Reached XP level 1. HP: 19/19 MP: 1/1
    17 | D:1      | Reached skill level 3 in Axes
    53 | D:1      | Reached XP level 2. HP: 24/26 MP: 2/2
    85 | D:1      | Reached skill level 4 in Axes
   160 | D:1      | Reached XP level 3. HP: 30/31 MP: 3/3
   754 | D:2      | Reached skill level 5 in Axes
   830 | D:2      | Found a basalt altar of Yredelemnul.
  1057 | D:2      | Reached XP level 4. HP: 33/39 MP: 4/4
  1179 | D:2      | Reached skill level 6 in Axes
  1529 | D:3      | Noticed Ijyb
  1532 | D:3      | Found a sparkling altar of Nemelex Xobeh.
  1547 | D:3      | Killed Ijyb
  1547 | D:3      | Reached skill level 7 in Axes
  1547 | D:3      | Reached XP level 5. HP: 33/45 MP: 5/5
  1590 | D:3      | Found a glowing drain.
  1621 | Sewer    | Entered a sewer
  2297 | D:3      | Reached skill level 8 in Axes
  2297 | D:3      | Reached XP level 6. HP: 48/51 MP: 6/6
  2623 | D:4      | Noticed Robin
  2644 | D:4      | Killed Robin
  2692 | D:4      | Noticed a slave
  2693 | D:4      | Noticed Pikel
  2694 | D:4      | Noticed a slave
  2695 | D:4      | Noticed a slave
  2695 | D:4      | Noticed a slave
  2729 | D:3      | Killed a slave
  2730 | D:3      | Killed a slave
  2955 | D:4      | Killed a slave
  2971 | D:4      | Killed a slave
  2973 | D:4      | Killed Pikel
  2973 | D:4      | Reached skill level 10 in Axes
  2973 | D:4      | Reached XP level 7. HP: 26/57 MP: 7/7
  3142 | D:4      | Reached skill level 11 in Axes
  3266 | D:4      | Noticed Duvessa
  3266 | D:4      | Noticed Dowan
  3303 | D:4      | Killed Duvessa
  3303 | D:4      | Reached XP level 8. HP: 37/64 MP: 8/8
  3310 | D:4      | Killed Dowan
  3310 | D:4      | Reached skill level 12 in Axes
  3681 | D:4      | Got a faintly glowing triple sword
  3690 | D:4      | Identified the +3 triple sword "Coin" {pain, +Inv rC-
                  | Int+4} (You found it on level 4 of the Dungeon)
  3796 | D:4      | Found a staircase to the Ecumenical Temple.
  3816 | Temple   | Entered the Ecumenical Temple
  4359 | D:5      | Entered Level 5 of the Dungeon
  4532 | D:5      | Reached skill level 13 in Axes
  4532 | D:5      | HP: 1/64 [orc priest/divine providence (9)]
  4853 | D:5      | You fall into a shaft and drop 3 floors!
  4927 | D:7      | Noticed Harold
  4927 | D:7      | Noticed a hippogriff
  4936 | D:7      | Reached skill level 14 in Axes
  4936 | D:7      | Reached XP level 9. HP: 30/70 MP: 9/9
  4944 | D:7      | Killed Harold
  4944 | D:7      | Reached skill level 15 in Axes
  4952 | D:7      | Reached skill level 16 in Axes
  5404 | D:7      | Got an encrusted hand axe
  5405 | D:7      | Identified the cursed +0 hand axe "Arcanum" {chop, +Fly
                  | rElec MR+} (You found it on level 7 of the Dungeon)
  5411 | D:7      | Got a translucent buckler
  5430 | D:7      | Identified the cursed +0 buckler "Qeawnik" {rN+ Str+5} (You
                  | found it on level 7 of the Dungeon)
  5510 | D:5      | Reached XP level 10. HP: 77/77 MP: 10/10
  5610 | D:5      | Found an iron altar of Okawaru.
  5619 | D:5      | Became a worshipper of Warmaster Okawaru
  5712 | D:6      | Noticed Edmund
  5730 | D:6      | Killed Edmund
  5730 | D:6      | Reached skill level 17 in Axes
  6152 | D:6      | Noticed Menkaure
  6156 | D:6      | Killed Menkaure
  6599 | D:7      | Reached * piety under Okawaru
  7426 | D:8      | Found a white marble altar of Elyvilon.
  7451 | D:8      | Noticed Joseph
  7462 | D:8      | Killed Joseph
  7462 | D:8      | Reached skill level 18 in Axes
  7481 | D:8      | Slain by an orc warrior

Levels and vault maps discovered:
D:1:      dpeg_arrival_rhombi, layout_basic, serial_bayou_lagoon_a
D:2:      layout_basic, nicolae_overflow_crystal_walls, kennysheep_nub
D:3:      layout_rooms, nemelex_xobeh_ov_fountains_minmay,
          cheibrodos_sewer_entry_bend, first_ration, uniq_ijyb
D:4:      minmay_octagon_keep, layout_basic, minmay_temple_entry_statues,
          uniq_duvessa, uniq_robin, uniq_pikel
D:5:      layout_rooms, kennysheep_okawaru_gauntlet
D:6:      layout_basic, uniq_menkaure, uniq_edmund
D:7:      layout_layer_cave, grunt_livestock, uniq_harold
D:8:      layout_rooms, lemuel_round_altar, gammafunk_temple_overflow_wave,
          serial_shops, shop, uniq_joseph
Temple:   lightli_temple_of_artemis

Skill      XL: |  1  2  3  4  5  6  7  8  9 10 |
---------------+-------------------------------+-----
Axes           | 3 4 5 7 8 10 11 14 16 18 | 18.1
Fighting       | |  3.6
Armour         | |  3.2
Shields        | |  3.2

Action                   |  1- 3 |  4- 6 |  7- 9 | 10-12 || total
-------------------------+-------+-------+-------+-------++-------
Melee: War axe           |   116 |   298 |   224 |       ||   638
       Triple sword      |       |       |     5 |       ||     5
       Hand axe          |       |       |     5 |    91 ||    96
Throw: Throwing net      |       |       |     1 |       ||     1
 Abil: Evoke Berserk Rag |       |       |       |     1 ||     1
       Evoke Flight      |       |       |       |     1 ||     1
  Use: Scroll            |       |       |     9 |       ||     9
       Potion            |       |       |     6 |       ||     6
  Eat: Chunk             |     1 |     6 |     8 |     7 ||    22
Armor: Scale mail        |    65 |   165 |   106 |    20 ||   356
       Skin              |       |       |    15 |       ||    15
Dodge: Dodged            |    39 |   111 |    40 |    34 ||   224
Block: Shield            |    83 |   164 |   104 |       ||   351
       Buckler           |       |       |     2 |    22 ||    24
       Rpst.: Triple sword |       |       |     1 |       ||     1
